 Dungeon Crawl Stone Soup version 0.31-a0-1178-gc5c9b8f871 (webtiles) character file.

Game seed: 7763673628314855509

4 grandjackal the Ducker (level 1, -4/16 HPs)
             Began as a Demonspawn Gladiator on Dec 12, 2023.
             Frozen to death by an endoplasm (5 damage)
             ... on level 1 of the Dungeon.
             The game lasted 00:00:06 (32 turns).

grandjackal the Ducker (Demonspawn Gladiator)         Turns: 32, Time: 00:00:07

Health: -4/16      AC:  4    Str: 14    XL:     1   Next: 50%
Magic:  1/1        EV: 12    Int:  8    God:
Gold:   8          SH:  0    Dex: 14    Spells: 0/0 levels left

rFire   . . .        a - +0 war axe
rCold   . . .        (no shield)
rNeg    . . .        b - +0 leather armour
rPois   .            c - +0 helmet
rElec   .            (no cloak)
rCorr   .            (no gloves)
SInv    .            (no boots)
Will    .....        (no amulet)
Stlth   +            (no ring)
HPRegen 0.22/turn    (no ring)
MPRegen 0.07/turn

%: no passive effects
@: no status effects
A: no striking features
a: no special abilities


You were on level 1 of the Dungeon.
You visited 1 branch of the dungeon, and saw 1 of its levels.

You collected 8 gold pieces.

Inventory:

Hand Weapons
 a - a +0 war axe (weapon)
Missiles
 d - 3 throwing nets (quivered)
 e - a javelin
Armour
 b - a +0 leather armour (worn)
 c - a +0 helmet (worn)
Scrolls
 f - a scroll of identify {unknown}


   Skills:
 + Level 2.1 Fighting
 + Level 2.7 Axes
 + Level 1.8 Throwing
 + Level 2.7 Dodging


You couldn't memorise any spells.
You didn't know any spells.
Your spell library was empty.

Dungeon Overview and Level Annotations

Branches:
Dungeon (1/15)

Altars:


Message History

You barely miss the jackal. You hit the jackal. You closely miss the kobold.
The bat hits you but does no damage.
The jackal bites you but does no damage.
The jackal barely misses you. The jackal misses you.
The jackal bites you but does no damage.
The kobold misses you.
You closely miss the jackal.
The jackal is severely wounded.
You hit the jackal.
You kill the jackal!
You closely miss the kobold. The bat hits you but does no damage.
The jackal bites you but does no damage.
The bat hits you but does no damage. The kobold hits you with a +0 dagger.
The jackal bites you.
You closely miss the jackal.
The jackal is severely wounded.
You hit the kobold.
You kill the kobold!
You barely miss the bat. The bat hits you but does no damage.
The jackal bites you but does no damage.
The jackal bites you. The endoplasm freezes you.
You are frozen.
The endoplasm freezes you.
You are frozen.
You are too injured to fight recklessly!
Unknown command.
You are too injured to fight recklessly!
Unknown command.
You are too injured to fight recklessly!
You closely miss the jackal.
The jackal is severely wounded.
You hit the endoplasm. x2
The jackal bites you but does no damage.
The endoplasm freezes you.
You are frozen.
* * * LOW HITPOINT WARNING * * *
The endoplasm freezes you.
You are frozen.
You die...

#.. .. #.. ###.#.# #.[$
##### #..... ..... #...#
#.##.#
.....##...####.##.###
....................#
.....#J.............#
.....gh@##..#.......##
......Jb.............###
.......#####............
....... ##....†..####
....... #......).##.
....... ...........##.
..[.##. ...#.########.
#### #. ##..... ##
.......


You could see 2 endoplasms, a jackal, a goblin and a bat.

Vanquished Creatures
  A jackal (D:1)
  A quokka (D:1)
  2 kobolds (D:1)
4 creatures vanquished.

Notes
Turn   | Place    | Note
-------+----------+-------------------------------------------
     0 | D:1      | grandjackal the Demonspawn Gladiator began the quest for
                  | the Orb.
     0 | D:1      | Reached XP level 1. HP: 16/16 MP: 1/1
    32 | D:1      | Frozen to death by an endoplasm

Illustrated notes

Levels and vault maps discovered:
D:1:      dpeg_arrival_tiny_h, layout_rooms,
          shapermc_ecumenical_altar_mp_ritualfount, fountainhead

Action                     || total
---------------------------++-------
  Melee: War axe           ||     7
 Armour: Leather armour    ||    14
  Dodge: Dodged            ||     5

Table legend: (Time is in decaauts)
 A = Elapsed time spent in this place.
 B = Non-inter-level travel time spent in this place.
 C = Inter-level travel time spent in this place.
 D = Time resting spent in this place.
 E = Time spent auto-exploring this place.
 F = Levels seen in this place.
 G = Mean time per level.
                   A        B        C        D        E       F      G
               +--------+--------+--------+--------+--------+-----+--------+
         Total |     34 |     34 |      0 |      0 |     17 |   1 |   34.0 |
       Dungeon |     34 |     34 |      0 |      0 |     17 |   1 |   34.0 |
               +--------+--------+--------+--------+--------+-----+--------+

Top non-repeatable levels by time:
     D:1: 34 daAuts
